 Dungeon Crawl Stone Soup version 0.27-a0-951-gae3e1deef5 (webtiles) character file.

Game seed: 16399428440478546645

49 funkygono the Stinger (level 3, -1/26 HPs)
             Began as a Draconian Venom Mage on Apr 11, 2021.
             Slain by Crazy Yiuf
             ... wielding a +2 quarterstaff of chaos
              (16 damage)
             ... on level 2 of the Dungeon.
             The game lasted 00:02:52 (2570 turns).

funkygono the Stinger (Draconian Venom Mage)        Turns: 2570, Time: 00:02:52

Health: -1/26      AC:  5    Str: 10    XL:     3   Next: 51%
Magic:  5/6        EV: 12    Int: 16    God:
Gold:   68         SH:  0    Dex: 11    Spells: 4/7 levels left

rFire    . . .     SeeInvis .   e - +1 mace (vorpal)
rCold    . . .     Faith    .   (no shield)
rNeg     . . .     Spirit   .   (armour unavailable)
rPois    .         Reflect  .   (helmet restricted)
rElec    .         Harm     .   (no cloak)
rCorr    .         Rampage  .   (no gloves)
Will     .....                  (no boots)
Stlth    ++........             (no amulet)
HPRegen  0.08/turn              (no ring)
MPRegen  0.10/turn              (no ring)

@: no status effects
A: AC +5, unfitting armour, cold-blooded
a: no special abilities


You were on level 2 of the Dungeon.
You visited 1 branch of the dungeon, and saw 2 of its levels.

You collected 68 gold pieces.

Inventory:

Hand Weapons
 c - a +0 dagger
 e - a +1 vorpal mace (weapon)
Jewellery
 h - a ring of protection from fire
Scrolls
 a - a scroll of enchant weapon {unknown}
 d - a scroll of brand weapon {unknown}
Potions
 b - a potion of haste
 f - a potion of brilliance {unknown}
 g - a potion of flight {unknown}


   Skills:
 + Level 1.7 Dodging
 - Level 1.7 Stealth
 * Level 2.6 Spellcasting
 * Level 1.8 Transmutations
 * Level 0.5 Air Magic
 * Level 3.6 Poison Magic


You had 4 spell levels left.
You knew the following spells:

 Your Spells              Type           Power      Damage    Failure   Level
a - Sting                 Tmut/Pois      40%        1d5       6%          1
b - Poisonous Vapours     Pois/Air       16%        N/A       12%         2

Your spell library contained the following spells:

 Spells                   Type           Power      Damage    Failure   Level
 Corona                   Hex            2%         N/A       21%         1
 Ignite Poison            Fire/Tmut/Pois 7%         N/A       28%         3
 Ensorcelled Hibernation  Hex/Ice        4%         N/A       30%         2
 Mephitic Cloud           Conj/Pois/Air  6%         N/A       32%         3
 Olgreb's Toxic Radiance  Pois           13%        N/A       41%         4
 Confusing Touch          Hex            2%         N/A       52%         3
 Dazzling Flash           Conj/Hex       4%         N/A       52%         3
 Tukima's Dance           Hex            2%         N/A       52%         3


Dungeon Overview and Level Annotations

Branches:
Dungeon (2/15)

Altars:
The Shining One

Annotations:
D:2 Crazy Yiuf


Innate Abilities, Weirdness & Mutations

Your plain brown scales are hard. (AC +5)
You cannot fit into any form of body armour.
You are cold-blooded and may be slowed by cold attacks.


Message History

You kill the dart slug!
Unknown command.
Found a dagger.
There is an open door here.
Your magical contamination has completely faded away.
HP restored.
Magic restored.
You see here a +0 dagger.
Found a stone staircase leading down.
h - a ring of protection from fire
Found 17 stones.
Found a stone staircase leading up.
You see here 17 stones.
There is a stone staircase leading up here.
There is a stone staircase leading down here.
Found a glowing golden altar of the Shining One.
As you open the door, it creaks loudly!
There is an open door here.
There is an open door here.
Found a stone staircase leading up.
There is a stone staircase leading up here.
There is a stone staircase leading up here.
You see here a +0 scale mail.
You see here a +0 dagger.
Found 11 poisoned darts and 30 bolts.
Found a mace.
Found a runed translucent door.
Crazy Yiuf shouts!
You open the door.
Crazy Yiuf cries, "Snurf turtle broken!"
Casting: Sting (safe; 6% risk of failure)
Confirm with . or Enter, or press ? or * to list all spells.
Aiming: Sting (safe; 6% risk of failure)
Press: ? - help, Shift-Dir - straight line, f - Crazy Yiuf
Aim: Crazy Yiuf, wielding a +2 quarterstaff of chaos and wearing a +1 cloak of poison resistance (25% to evade)
The sting hits Crazy Yiuf but does no damage.
Crazy Yiuf is poisoned.
Crazy Yiuf hits you with a +2 quarterstaff of chaos!
You are electrocuted!
Ouch! That really hurt!
You die...

.##.#####.#....................#.
.##.#...#.#...################.#.
.##.#.###.#...[........).......#.
.##.#....##################....#.
.##.#.#### #...... .#....#
#.#.### .#....#### ###
♣♣####.#.#(# .#.......# #)..#♣♣
♣♣....#.#.##. ##...#####
#...g@♣♣♣♣.P.....#..## #...#
#...#♣..♣..P.....##... #...# ###
♣♣♣.♣............ ##'##
♣♣♣♣♣####...... ###.######
#........ .........###
#########........ ###.######.#
#................
#........#.##+###..^.##'###......
#.#....#.#.........# #..........


You could see Crazy Yiuf (poisoned).

Vanquished Creatures
  2 adders (D:2)
  2 dart slugs (D:2)
  3 endoplasms (D:1)
  A giant cockroach (D:1)
  3 goblins
  A hobgoblin (D:1)
  A quokka (D:2)
  4 ball pythons (D:1)
  2 bats (D:1)
  2 frilled lizards
  4 kobolds (D:1)
  3 rats
28 creatures vanquished.

Notes
Turn   | Place    | Note
-------+----------+-------------------------------------------
     0 | D:1      | funkygono the Draconian Venom Mage began the quest for the
                  | Orb.
     0 | D:1      | Reached XP level 1. HP: 14/14 MP: 3/3
   432 | D:1      | Reached XP level 2. HP: 13/20 MP: 0/5
   435 | D:1      | Learned a level 2 spell: Poisonous Vapours
  1548 | D:2      | Reached XP level 3. HP: 17/26 MP: 0/6
  2347 | D:2      | Found a glowing golden altar of the Shining One.
  2565 | D:2      | Found a runed translucent door.
  2566 | D:2      | Noticed Crazy Yiuf
  2570 | D:2      | Slain by Crazy Yiuf

Illustrated notes

Levels and vault maps discovered:
D:1:      erik_arrival_triangle_medium, layout_basic, minmay_misc_feat_square,
          minmay_misc_feat_tiny, minmay_tree_intersection
D:2:      layout_basic, basic_altar, chequers_serial_rivers_small_a,
          minmay_bisected, uniq_crazy_yiuf_cottage

Action                   || total
-------------------------++-------
Melee: Mace              ||     5
       Tailslap          ||     1
 Cast: Sting             ||    24
       Poisonous Vapours ||    16
  Use: Scroll            ||     2
Armor: Skin              ||     6
Dodge: Dodged            ||    12

Table legend: (Time is in decaauts)
 A = Elapsed time spent in this place.
 B = Non-inter-level travel time spent in this place.
 C = Inter-level travel time spent in this place.
 D = Time resting spent in this place.
 E = Time spent auto-exploring this place.
 F = Levels seen in this place.
 G = Mean time per level.
                   A        B        C        D        E       F      G
               +--------+--------+--------+--------+--------+-----+--------+
         Total |   2571 |   2565 |      6 |      0 |   2367 |   2 | 1285.5 |
       Dungeon |   2571 |   2565 |      6 |      0 |   2367 |   2 | 1285.5 |
               +--------+--------+--------+--------+--------+-----+--------+

Top non-repeatable levels by time:
     D:1: 1406 daAuts
     D:2: 1165 daAuts
